 Dungeon Crawl Stone Soup version 0.28-a0-1142-gc8569940dd (webtiles) character file.

Game seed: 11627917801230959617

24237 Jannitor the Grappler (level 12, -3/94 HPs)
             Began as a Demonspawn Cinder Acolyte on Dec 13, 2021.
             Was a Priest of Ignis.
             Slain by an eight-headed hydra (4 damage)
             ... on level 4 of the Lair of Beasts.
             The game lasted 00:39:47 (13634 turns).

Jannitor the Grappler (Demonspawn Cinder Acolyte)  Turns: 13634, Time: 00:39:48

Health: -3/94      AC: 11    Str: 15    XL:     12   Next: 78%
Magic:  19/24      EV: 12    Int: 21    God:    Ignis [***...]
Gold:   498        SH:  5    Dex: 14    Spells: 14/27 levels left

rFire   + . .      SeeInvis .     - Unarmed
rCold   . . .      Faith    .   s - +0 buckler
rNeg    . . .      Spirit   .   n - +1 acid dragon scales
rPois   .          Reflect  .   (helmet restricted)
rElec   .          Harm     .   D - +2 cloak
rCorr   +          Rampage  .   (no gloves)
Will    .....                   (no boots)
Stlth   +.........              k - amulet of regeneration
HPRegen 1.05/turn               g - +6 ring of intelligence
MPRegen 0.38/turn               (no ring)

@: about to teleport
A: claws 2, horns 1, powered by death 1, magic regeneration, weakness stinger 2
a: Renounce Religion, Fiery Armour, Foxfire Swarm, Rising Flame


You were on level 4 of the Lair of Beasts.
You worshipped Ignis.
Ignis was most pleased with you.
You visited 2 branches of the dungeon, and saw 15 of its levels.

You collected 751 gold pieces.
You spent 253 gold pieces at shops.

Inventory:

Missiles
 f - 99 poisoned darts (quivered)
 t - 3 throwing nets
Armour
 m - a scarf of resistance
 n - +1 acid dragon scales (worn)
 s - a +0 buckler (worn)
 D - a +2 cloak (worn)
Jewellery
 g - a +6 ring of intelligence (left claw)
 j - a ring of see invisible
 k - an amulet of regeneration (around neck)
 q - a ring of ice
Wands
 c - a wand of paralysis (12)
 i - a wand of polymorph (13)
 z - a wand of iceblast (11)
 G - a wand of flame (2)
 H - a wand of charming (4)
Scrolls
 d - 2 scrolls of enchant weapon
 l - a scroll of fear
 r - 2 scrolls of immolation
 u - 3 scrolls of magic mapping
 C - a scroll of teleportation
 F - a scroll of amnesia {unknown}
 I - a scroll of silence
Potions
 a - 5 potions of attraction
 b - a potion of mutation
 e - 2 potions of cancellation
 h - 2 potions of berserk rage
 o - a potion of magic
 p - 2 potions of ambrosia
 v - a potion of degeneration {unknown}
 w - a potion of heal wounds {unknown}
 x - a potion of haste
 A - a potion of flight
 B - 4 potions of lignification
 E - a potion of curing


   Skills:
 + Level 8.3 Fighting
 - Level 2.8 Maces & Flails
 + Level 5.6 Armour
 + Level 3.0 Dodging
 - Level 4.0 Shields
 * Level 9.0 Unarmed Combat
 + Level 8.0 Spellcasting
 + Level 7.9 Fire Magic
 + Level 6.8 Air Magic
 + Level 7.4 Poison Magic


You had 14 spell levels left.
You knew the following spells:

 Your Spells              Type           Power      Damage    Failure   Level
a - Scorch                Fire           82%        2d9       1%          2
b - Poisonous Vapours     Pois/Air       76%        N/A       1%          2
c - Corpse Rot            Necr/Air       44%        N/A       4%          2
d - Ignite Poison         Fire/Tmut/Pois 29%        N/A       4%          3
e - Flame Wave            Conj/Fire      25%        2d6       22%         4

Your spell library contained the following spells:

 Spells                   Type           Power      Damage    Failure   Level
 Foxfire                  Conj/Fire      100%       2x1d9     2%          1
 Conjure Flame            Conj/Fire      25%        6-21      6%          3
 Inner Flame              Hex/Fire       25%        N/A       6%          3
 Sandblast                Erth           16%        2d6       11%         1
 Passwall                 Tmut/Erth      6%         N/A       16%         2
 Sticky Flame             Conj/Fire      25%        2d5       22%         4
 Call Canine Familiar     Summ           8%         N/A       32%         3
 Gell's Gravitas          Tloc           8%         N/A       32%         3
 Portal Projectile        Hex/Tloc       16%        N/A       32%         3
 Stone Arrow              Conj/Erth      16%        3d8       32%         3
 Teleport Other           Tloc           8%         N/A       32%         3
 Leda's Liquefaction      Hex/Erth       4%         N/A       71%         4
 Dispersal                Tloc           4%         N/A       100%        6


Dungeon Overview and Level Annotations

Branches:
Dungeon (11/15)            Temple (0/1) D:6            Lair (4/6) D:11
  Swamp (0/4) Lair:4          Orc (0/2) D:11
  Snake: Lair:2-4    Spider: Lair:2-4

Altars:
Cheibriados
Dithmenos
Fedhas
Gozag
Makhleb
Okawaru
Sif Muna
Uskayaw
Yredelemnul
The Shining One

Shops:
D:8 !

Portals:
Abyss: Lair:3
Trove: D:11 (give 5 scrolls of blinking)

Annotations:
D:2 1 runed translucent door, Crazy Yiuf
D:11 3 runed translucent doors, Gilette's ghost, journeyman TrCA
Lair:3 2 transporters, Gelon's ghost, journeyman TeAE


Innate Abilities, Weirdness & Mutations

You have very sharp fingernails.
You have a pair of small horns on your head.
You regenerate a little health from kills.
You regenerate magic rapidly.
You have a tail ending in a sharp stinger.


Message History

As you read the scroll of fear, it crumbles to dust.
You assume a fearsome visage.
The yak looks frightened! x2
The basilisk looks frightened!
The seven-headed hydra looks frightened!
The dream sheep looks frightened!
The dream sheep bleats!
The dream sheep panics and turns to flee.
The dream sheep looks frightened!
The dream sheep is struck with panic!
The dream sheep looks frightened!
The dream sheep is struck with panic!
The dream sheep looks frightened!
The dream sheep panics and turns to flee.
A dream sheep comes into view.
The basilisk bites the plant!!
The plant begins to die.
Unknown command.
Unknown command.
The dream sheep bleats!
The dream sheep shake their wool and sparkle.
You feel drowsy...
You fall asleep.
The scorpion stings you!
You wake up.
* * * LOW HITPOINT WARNING * * *
As you read the scroll of teleportation, it crumbles to dust.
You feel strangely unstable.
A nearby plant withers and dies.
The scorpion stings you.
* * * LOW HITPOINT WARNING * * *
Unknown command.
Unknown command.
Okay, then.
Unknown command.
The dream sheep ruffles its wool and motes of dream dust sparkle, to no effect.
The dream sheep shake their wool and sparkle.
You feel drowsy...
You fall asleep.
The eight-headed hydra bites you!
You wake up.
* * * LOW HITPOINT WARNING * * *
The eight-headed hydra bites you.
* * * LOW HITPOINT WARNING * * *
The eight-headed hydra bites you but does no damage.
The eight-headed hydra bites you.
You die...

## ##.....#.... ..
...###..Y..##.P.# ...
............#).#.###...
........................
.......................
.......................
...........Y[.D........
............Yss@.......
#+Y........#######...
..##..##.......#
...>....##.....# .#
.##...Y..#.<..P# .##
#.....#......#....+
#.....#.....#....# ..
#.#.#.##....##...##...#
#####.#D.........#....P


You could see an eight-headed hydra, a yak, 2 dream sheep and 2 scorpions.

Vanquished Creatures
  2 hydras (Lair:3)
  Erica (Lair:1)
  5 death yaks (D:11)
  An ugly thing (D:11)
  A will-o-the-wisp (Lair:4)
  5 centaur zombies
  2 black mambas (Lair:1)
  Maggie (D:6)
  10 cane toads
  5 komodo dragons
  3 polar bears (Lair:2)
  2 trolls
  A hornet (D:9)
  A meliai zombie (D:11)
  Sigmund (D:2)
  21 yaks
  A vampire (D:7)
  A wyvern (Lair:3)
  4 vampire mosquitoes (D:11)
  10 water moccasins
  An ice beast (D:7)
  5 black bears (Lair:2)
  5 orc warriors
  4 necrophages
  7 ogres
  5 wolves
  A phantom (D:3)
  A centaur (D:7)
  Blork the orc (D:4)
  8 bullfrogs
  6 kobold brigands
  6 gnoll sergeants
  5 scorpions
  3 killer bees (D:9)
  20 wights
  2 bullfrog zombies (D:6)
  4 jellies
  3 orc priests
  Natasha (D:2)
  2 iguanas (D:6)
  2 orc wizards
  A killer bee zombie (D:6)
  A hound skeleton (D:4)
  2 howler monkey zombies (D:9)
  Robin (D:4)
  18 gnolls
  3 adders
  A shadow imp (D:7)
  An ufetubus (D:5)
  3 worms
  A dart slug (D:1)
  36 orcs
  2 endoplasms
  3 giant cockroaches
  13 goblins
  9 hobgoblins
  2 quokkas
  2 ball pythons
  3 bats
  4 frilled lizards
  19 kobolds
  5 rats
300 creatures vanquished.

Vanquished Creatures (others)
  4 foxfires (Lair:4)
  2 fungi
  6 plants
12 creatures vanquished.

Grand Total: 312 creatures vanquished

Notes
Turn   | Place    | Note
-------+----------+-------------------------------------------
     0 | D:1      | Jannitor the Demonspawn Cinder Acolyte began the quest for
                  | the Orb.
     0 | D:1      | Reached XP level 1. HP: 18/18 MP: 2/2
   503 | D:1      | Discovered your monstrous ancestry.
   503 | D:1      | Gained mutation: You have a pair of small horns on your
                  | head. [demonic ancestry]
   503 | D:1      | Reached XP level 2. HP: 24/24 MP: 3/3
   757 | D:1      | Found a faded altar of an unknown god.
  1010 | D:2      | Found a hide-covered altar of Uskayaw.
  1168 | D:2      | Found a runed translucent door.
  1169 | D:2      | Noticed Crazy Yiuf
  1264 | D:2      | Noticed Sigmund
  1268 | D:2      | Identified a scroll of acquirement
  1268 | D:2      | Acquired a book of Vapours
  1334 | D:3      | Learned a level 2 spell: Scorch
  1537 | D:3      | Noticed a phantom
  1596 | D:3      | Killed a phantom
  1597 | D:3      | Reached XP level 3. HP: 21/30 MP: 2/6
  1597 | D:3      | Gained mutation: You have sharp fingernails. [demonic
                  | ancestry]
  1597 | D:3      | Reached XP level 4. HP: 26/37 MP: 2/7
  1668 | D:3      | Learned a level 2 spell: Poisonous Vapours
  2146 | D:3      | Found a basalt altar of Yredelemnul.
  2190 | D:3      | Found a shimmering blue altar of Sif Muna.
  2202 | D:3      | Found an opulent altar of Gozag.
  2205 | D:3      | Found an iron altar of Okawaru.
  2260 | D:3      | Reached XP level 5. HP: 42/42 MP: 1/8
  2707 | D:4      | Learned a level 2 spell: Corpse Rot
  2713 | D:4      | Reached skill level 1 in Air Magic
  2880 | D:4      | Found a snail-covered altar of Cheibriados.
  2885 | D:4      | Reached skill level 1 in Poison Magic
  2977 | D:3      | Reached skill level 1 in Unarmed Combat
  2977 | D:3      | Reached XP level 6. HP: 18/44 MP: 0/10
  3098 | D:4      | Noticed Blork the orc
  3114 | D:4      | Killed Blork the orc
  3253 | D:4      | Noticed Robin
  3268 | D:4      | Killed Robin
  3823 | D:4      | Gained mutation: You regenerate magic rapidly. [demonic
                  | ancestry]
  3823 | D:4      | Reached XP level 7. HP: 54/54 MP: 4/12
  4223 | D:5      | Entered Level 5 of the Dungeon
  4367 | D:5      | Reached skill level 2 in Unarmed Combat
  4839 | D:6      | Reached skill level 1 in Dodging
  4918 | D:6      | Found a staircase to the Ecumenical Temple.
  4926 | D:6      | Gained mutation: You have a small tail. [demonic ancestry]
  4926 | D:6      | Reached XP level 8. HP: 47/61 MP: 9/14
  5161 | D:6      | Reached skill level 5 in Fighting
  5161 | D:6      | Reached skill level 5 in Fire Magic
  5214 | D:6      | Found a shadowy altar of Dithmenos.
  5310 | D:6      | Noticed Eustachio
  5311 | D:6      | Noticed Eustachio
  5311 | D:6      | Eustachio changed into Eustachio the wolf
  5317 | D:6      | Killed Eustachio the wolf
  5318 | D:6      | Reached skill level 3 in Unarmed Combat
  5318 | D:6      | Reached skill level 5 in Spellcasting
  5836 | D:6      | Noticed Maggie
  5854 | D:6      | Killed Maggie
  5855 | D:6      | Gained mutation: You have a tail ending in a sharp stinger.
                  | [demonic ancestry]
  5855 | D:6      | Reached XP level 9. HP: 16/68 MP: 15/17
  5959 | D:6      | Learned a level 3 spell: Ignite Poison
  6350 | D:7      | Found a burning altar of Makhleb.
  6362 | D:7      | Reached skill level 1 in Armour
  6363 | D:7      | Reached skill level 4 in Unarmed Combat
  6935 | D:7      | Reached skill level 1 in Shields
  7219 | D:8      | Noticed a skeletal warrior
  7282 | D:2      | Noticed Natasha
  7287 | D:2      | Killed Natasha
  7339 | D:2      | Learned a level 4 spell: Flame Wave
  7473 | D:2      | Killed Sigmund
  8184 | D:8      | Found Yrugezom's Distillery.
  8197 | D:8      | Bought a potion of might for 44 gold pieces
  8197 | D:8      | Bought a potion of haste for 110 gold pieces
  8197 | D:8      | Bought a potion of curing for 33 gold pieces
  8197 | D:8      | Bought a potion of flight for 33 gold pieces
  8197 | D:8      | Bought a potion of lignification for 33 gold pieces
  8202 | D:8      | Noticed a skeletal warrior
  8211 | D:8      | Noticed a skeletal warrior
  8212 | D:8      | Noticed a skeletal warrior
  8273 | D:9      | Reached skill level 5 in Unarmed Combat
  8273 | D:9      | Gained mutation: You regenerate a little health from kills.
                  | [demonic ancestry]
  8273 | D:9      | Reached XP level 10. HP: 76/76 MP: 8/19
  8930 | D:9      | Reached skill level 5 in Poison Magic
  9444 | D:10     | Entered Level 10 of the Dungeon
  9655 | D:10     | You fall into a shaft and drop 1 floor!
  9659 | D:11     | Noticed a death yak
  9671 | D:11     | Noticed a death yak
  9674 | D:11     | Noticed a purple ugly thing
  9677 | D:11     | Killed a death yak
  9678 | D:11     | Reached skill level 6 in Unarmed Combat
  9678 | D:11     | Noticed a death yak
  9743 | D:11     | Found a staircase to the Orcish Mines.
  9792 | D:11     | Reached skill level 5 in Air Magic
  9806 | D:11     | Killed a purple ugly thing
  9838 | D:11     | Gained mutation: You have very sharp fingernails. [demonic
                  | ancestry]
  9838 | D:11     | Reached XP level 11. HP: 26/83 MP: 7/21
  9943 | D:11     | Noticed a death yak
  9952 | D:11     | Killed a death yak
  9961 | D:11     | Killed a death yak
 10026 | D:11     | Noticed a death yak
 10037 | D:11     | Killed a death yak
 10040 | D:11     | Killed a death yak
 10102 | D:11     | Reached skill level 7 in Unarmed Combat
 10138 | D:11     | Found a staircase to the Lair.
 10247 | D:11     | Found a runed translucent gate.
 10247 | D:11     | Found a runed translucent gate.
 10247 | D:11     | Found a runed translucent gate.
 10247 | D:11     | Noticed Gilette's ghost (journeyman TrCA)
 10249 | D:11     | Found a basalt altar of Yredelemnul.
 10563 | D:11     | Found a portal to a secret trove of treasure.
 10806 | Lair:1   | Entered Level 1 of the Lair of Beasts
 10874 | Lair:1   | Noticed Erica
 10881 | Lair:1   | Killed Erica
 11168 | Lair:1   | Reached XP level 12. HP: 79/91 MP: 5/23
 11904 | Lair:2   | Noticed an eight-headed hydra
 11943 | Lair:2   | Reached skill level 8 in Unarmed Combat
 12096 | Lair:2   | Noticed a six-headed hydra
 12135 | Lair:2   | Reached skill level 5 in Armour
 12299 | Lair:3   | Found a one-way gate to the infinite horrors of the Abyss.
 12299 | Lair:3   | Noticed Gelon's ghost (journeyman TeAE)
 12304 | Lair:3   | Found a transporter.
 12312 | Lair:3   | Found a transporter.
 12316 | Lair:3   | Noticed a five-headed hydra
 12345 | Lair:3   | Killed a five-headed hydra
 12572 | Lair:3   | Noticed a four-headed hydra
 12580 | Lair:3   | Killed a four-headed hydra
 12669 | Lair:3   | Found a blossoming altar of Fedhas.
 13011 | Lair:3   | Noticed an emperor scorpion
 13142 | Lair:4   | Noticed an eight-headed hydra
 13524 | Lair:4   | Found a staircase to the Swamp.
 13599 | Lair:4   | Reached skill level 9 in Unarmed Combat
 13611 | Lair:4   | Noticed a seven-headed hydra
 13634 | Lair:4   | HP: 1/94 [eight-headed hydra (4)]
 13634 | Lair:4   | Slain by an eight-headed hydra

Illustrated notes

Levels and vault maps discovered:
D:1:      mrwooster_arrival_statue, layout_loops_ring, basic_ecumenical_altar,
          corexii_corridor_pit, grunt_decor_fettered
D:2:      layout_rooms, basic_altar, uniq_sigmund, uniq_natasha,
          uniq_crazy_yiuf_cottage
D:3:      layout_rooms, grunt_temple_overflow_cloverleaf
D:4:      layout_cave_pods, slow_altar_1, nrook_uturn,
          hangedman_abyss_or_decor_stabs, uniq_robin, uniq_blork_the_orc
D:5:      layout_rooms
D:6:      layout_loops_cross, nicolae_dithmenos_through_a_glass_darkly,
          minmay_temple_entry_mist, uniq_eustachio, uniq_maggie
D:7:      layout_rooms, mainiacjoe_overflow_six_doors_small
D:8:      layout_layer_cave, serial_shops, shop, minmay_misc_feat_four_crosses,
          st_stairs_6, chequers_serial_rivers_small_a, introduction_to_nature_2
D:9:      layout_roguey, special_room [special_room_orc]
D:10:     layout_loops_ring, lemuel_doored_altar, patterned_corridor
D:11:     layout_gridville, dpeg_lair_monsters,
          kennysheep_orc_monster_closet_entryway, enter_trove_0,
          nicolae_yredelemnul_ghost_church
Lair:1:   layout_regular_city, uniq_erica
Lair:2:   beast_lair_carwin_large_4, layout_misc_corridors, serial_bayou_pond_a
Lair:3:   layout_hall_layers, basic_altar, gammafunk_ghost_abyssal_escape,
          minivault_25, st_stairs_3, beast_lair_carwin_7
Lair:4:   layout_regular_city, minmay_swamp_entry_wisps,
          nicolae_spider_entry_non_spiders, grunt_megastairs_1,
          serial_bayou_shore_b, serial_bayou_shore_b

Skill      XL: |  1  2  3  4  5  6  7  8  9 10 11 12 |
---------------+-------------------------------------+-----
Fire Magic     | 3 4 5 6 7 |  7.9
Spellcasting   | 2 3 4 5 6 7 8 |  8.0
Air Magic      | 1 2 3 4 5 6 |  6.8
Poison Magic   | 1 2 3 4 5 6 7 |  7.4
Fighting       | 4 5 6 7 8 |  8.3
Unarmed Combat | 1 2 3 5 6 7 9 |  9.0
Dodging        | 1 2 3 |  3.0
Armour         | 2 3 4 5 |  5.6
Shields        | 1 3 4 |  4.0
Maces & Flails | |  2.8

Action                   |  1- 3 |  4- 6 |  7- 9 | 10-12 || total
-------------------------+-------+-------+-------+-------++-------
Melee: Mace              |    36 |       |       |       ||    36
       Flail             |    23 |       |       |       ||    23
       Headbutt          |     5 |     4 |     8 |    58 ||    75
       Unarmed           |       |    52 |    56 |   332 ||   440
       Tailslap          |       |       |     7 |    50 ||    57
       Punch             |       |       |     1 |       ||     1
Throw: Dart              |       |     2 |       |     6 ||     8
 Cast: Scorch            |     1 |    46 |   121 |   185 ||   353
       Corpse Rot        |       |     2 |       |     8 ||    10
       Poisonous Vapours |       |     9 |    63 |   109 ||   181
       Ignite Poison     |       |       |     4 |    22 ||    26
       Flame Wave        |       |       |       |     7 ||     7
Invok: Fiery Armour      |     1 |     1 |     3 |     2 ||     7
Evoke: Wand              |       |       |     3 |     5 ||     8
  Use: Scroll            |     4 |     5 |       |    11 ||    20
       Potion            |     2 |     1 |     6 |     2 ||    11
Armor: Robe              |    18 |    12 |    14 |       ||    44
       Acid dragon scale |       |       |    25 |   160 ||   185
Dodge: Dodged            |    41 |    23 |    82 |   252 ||   398
Block: Buckler           |       |       |     5 |   100 ||   105

Table legend: (Time is in decaauts)
 A = Elapsed time spent in this place.
 B = Non-inter-level travel time spent in this place.
 C = Inter-level travel time spent in this place.
 D = Time resting spent in this place.
 E = Time spent auto-exploring this place.
 F = Levels seen in this place.
 G = Mean time per level.
                   A        B        C        D        E       F      G
               +--------+--------+--------+--------+--------+-----+--------+
         Total |  13619 |  12974 |    645 |   3239 |   6851 |  15 |  907.9 |
       Dungeon |  10804 |  10268 |    536 |   2727 |   5237 |  11 |  982.2 |
          Lair |   2815 |   2706 |    109 |    512 |   1614 |   4 |  703.8 |
               +--------+--------+--------+--------+--------+-----+--------+

Top non-repeatable levels by time:
     D:4: 1785 daAuts
     D:6: 1571 daAuts
     D:9: 1215 daAuts
     D:3: 1200 daAuts
    D:11: 1139 daAuts
     D:7: 1070 daAuts
  Lair:1: 1068 daAuts
  Lair:3: 1050 daAuts
     D:1: 980 daAuts
     D:5: 606 daAuts
     D:2: 605 daAuts
     D:8: 419 daAuts
  Lair:2: 363 daAuts
  Lair:4: 332 daAuts
    D:10: 209 daAuts
